 Dungeon Crawl Stone Soup version 0.25-a0-424-g80bd347ae0 (webtiles) character file.

Game seed: 6093054479601461640, levelgen mode: deterministic

597205 Epan the Pyromancer (level 27, -17/180 HPs)
             Began as a Gargoyle Earth Elementalist on Jan 20, 2020.
             Was the Champion of Vehumet.
             Killed by the air
             ... invoked by a spriggan air mage
              (40 damage)
             ... on level 4 of the Depths on Jan 21, 2020.
             The game lasted 04:49:51 (60131 turns).

Epan the Pyromancer (Gargoyle Earth Elementalist)  Turns: 60131, Time: 04:49:51

Health: -17/180    AC: 43    Str: 16    XL:     27
Magic:  21/61      EV: 19    Int: 36    God:    Vehumet [******]
Gold:   9429       SH:  6    Dex: 10    Spells: 8/59 levels left

rFire    + . .     SeeInvis +   K - +9 morningstar (vorpal)
rCold    + . .     Gourm    +   S - +2 buckler of Disappointment {rN+ Str+3}
rNeg     + + +     Faith    .   a - +2 robe {Archmagi}
rPois    ∞         Spirit   .   z - +0 hat "Suyck" {rN+ MR+ MP+9}
rElec    +         Reflect  .   G - +0 cloak of the Stars {rCorr Int+3}
rCorr    +         Harm     .   Y - +5 pair of gloves of the Meadowlark {+Fly rF+ MP+9}
MR       +++..                  k - +2 pair of boots {Stlth+}
Stlth    ++........             j - amulet of the gourmand
HPRegen  0.40/turn              X - ring of Hospitality {rC+ Int+5 SInv}
MPRegen  0.37/turn              v - +6 ring of protection

@: flying, very slightly contaminated, studying 2 skills
A: big wings, hooves 2, negative energy resistance 1, shaggy fur 1, electricity
resistance, unbreathing, petrification resistance, rot immunity, sturdy frame 1,
AC +20
}: 3/15 runes: decaying, serpentine, silver
a: Stop Flying, Renounce Religion


You were on level 4 of the Depths.
You worshipped Vehumet.
Vehumet was exalted by your worship.
You were full.

You visited 10 branches of the dungeon, and saw 47 of its levels.
You also visited: Ossuary, Bailey, Gauntlet and Wizlab.

You collected 11803 gold pieces.
You spent 2374 gold pieces at shops.

Inventory:

Hand Weapons
 K - a +9 vorpal morningstar (weapon)
Missiles
 C - 2 throwing nets (quivered)
Armour
 a - a +2 robe of the Archmagi (worn)
 k - a +2 pair of boots of stealth (worn)
 z - the +0 hat "Suyck" (worn) {rN+ MR+ MP+9}
   (You found it in a Gauntlet)

   It protects you from negative energy.
   It affects your resistance to hostile enchantments.
   It affects your magic capacity (+9).
 G - the +0 cloak of the Stars (worn) {rCorr Int+3}
   (You found it in a Gauntlet)

   It affects your intelligence (+3).
   It provides partial protection from all sources of acid and corrosion.
 S - the +2 buckler of Disappointment (worn) {rN+ Str+3}
   (You found it on level 3 of the Snake Pit)

   It affects your strength (+3).
   It protects you from negative energy.
 Y - the +5 pair of gloves of the Meadowlark (worn) {+Fly rF+ MP+9}
   (You found it on level 5 of the Vaults)

   It protects you from fire.
   It affects your magic capacity (+9).
   It lets you fly.
Magical Staves
 b - an uncursed staff of energy
Jewellery
 j - an amulet of the gourmand (around neck)
 v - a +6 ring of protection (right hand)
 B - a +5 ring of protection
 W - an uncursed ring of wizardry
 X - the ring of Hospitality (left hand) {rC+ Int+5 SInv}
   (You found it on level 3 of the Elven Halls)

   [ring of see invisible]

   It affects your intelligence (+5).
   It protects you from cold.
   It lets you see invisible.
Wands
 f - a wand of acid (9)
 h - a wand of digging (7)
 r - a wand of disintegration (54)
 y - a wand of iceblast (33)
Scrolls
 g - 7 scrolls of blinking
 i - 2 scrolls of enchant armour
 l - 7 scrolls of amnesia
 m - 8 scrolls of magic mapping
 o - 3 scrolls of enchant weapon
 p - 29 scrolls of remove curse
 A - 23 scrolls of teleportation
 F - a scroll of holy word
 J - a scroll of summoning
 L - 6 scrolls of fear
 R - 2 scrolls of identify
 T - 10 scrolls of fog
Potions
 c - 5 potions of brilliance
 e - 3 potions of cancellation
 q - 3 potions of ambrosia
 s - 15 potions of curing
 u - 8 potions of invisibility
 x - 3 potions of magic
 I - 8 potions of might
 N - 6 potions of mutation
 O - a potion of berserk rage
 Q - 3 potions of agility
 U - 4 potions of heal wounds
 V - 5 potions of resistance
Books
 t - a manual of Shields
 E - a manual of Necromancy
Miscellaneous
 n - a phial of floods
 w - a box of beasts
 D - a lightning rod (4/4)
 Z - 4 sacks of spiders
Comestibles
 d - 52 rations


   Skills:
 + Level 20.4 Fighting
 - Level 14.0 Maces & Flails
 - Level 6.0 Armour
 - Level 15.0 Dodging
 - Level 2.1 Stealth
 - Level 4.0 Shields
 + Level 16.9 Spellcasting
 + Level 19.2 Conjurations
 - Level 0.7 Transmutations
 * Level 21.3 Fire Magic
 + Level 21.1 Earth Magic
 - Level 6.0 Evocations


You had 8 spell levels left.
You knew the following spells:

 Your Spells              Type           Power        Failure   Level  Hunger
a - Shatter               Erth           ########..   5%          9    ######.
b - Stone Arrow           Conj/Erth      ######       0%          3    None
c - Lee's Rapid Deconstr  Erth           ########..   0%          5    None
d - Iron Shot             Conj/Erth      ########..   1%          6    None
e - Irradiate             Conj/Tmut      ########..   1%          5    None
f - Starburst             Conj/Fire      ########..   1%          6    None
g - Ignition              Fire           ########..   1%          8    #####..
i - Fire Storm            Conj/Fire      ########..   8%          9    ######.

Your spell library contained the following spells:

 Spells                   Type           Power        Failure   Level  Hunger
 Lehudib's Crystal Spear  Conj/Erth      ########..   1%          8    #####..
 Chain Lightning          Conj/Air       #######...   34%         8    #####..
 Foxfire                  Conj/Fire      ####         0%          1    None
 Magic Dart               Conj           ####         0%          1    None
 Sandblast                Erth           ######       0%          1    None
 Shock                    Conj/Air       ####         0%          1    None
 Searing Ray              Conj           ######       0%          2    None
 Conjure Flame            Conj/Fire      ########     0%          3    None
 Bolt of Magma            Conj/Fire/Erth ########..   0%          5    None
 Fireball                 Conj/Fire      ########..   0%          5    None
 Animate Skeleton         Necr           N/A          1%          1    None
 Apportation              Tloc           #####.       1%          1    None
 Corona                   Hex            #####..      1%          1    None
 Freeze                   Ice            ####         1%          1    None
 Infusion                 Chrm           ####         1%          1    None
 Sting                    Tmut/Pois      ####         1%          1    None
 Summon Butterflies       Summ           #####...     1%          1    None
 Summon Small Mammal      Summ           ####         1%          1    None
 Blink                    Tloc           N/A          1%          2    None
 Call Imp                 Summ           #####...     1%          2    None
 Corpse Rot               Necr/Air       N/A          1%          2    None
 Ensorcelled Hibernation  Hex/Ice        #####.       1%          2    None
 Passwall                 Tmut/Erth      ########     1%          2    None
 Poisonous Vapours        Pois/Air       #####.       1%          2    None
 Shroud of Golubria       Chrm/Tloc      #####.       1%          2    None
 Slow                     Hex            #####...     1%          2    None
 Swiftness                Chrm/Air       #####...     1%          2    None
 Dazzling Flash           Conj/Hex       ######       1%          3    None
 Ignite Poison            Fire/Tmut/Pois #######.     1%          3    None
 Inner Flame              Hex/Fire       ########     1%          3    None
 Mephitic Cloud           Conj/Pois/Air  #######.     1%          3    None
 Static Discharge         Conj/Air       #######.     1%          3    None
 Fulminant Prism          Conj/Hex       #######...   1%          4    None
 Hailstorm                Conj/Ice       #######.     1%          4    None
 Iskenderun's Mystic Bla  Conj/Tloc      #######.     1%          4    None
 Leda's Liquefaction      Hex/Erth       ########..   1%          4    None
 Petrify                  Tmut/Erth      ########     1%          4    None
 Borgnjor's Vile Clutch   Necr/Erth      ########..   1%          5    None
 Lightning Bolt           Conj/Air       #######...   1%          5    None
 Conjure Ball Lightning   Conj/Air       #######...   1%          6    None
 Call Canine Familiar     Summ           #####...     3%          3    None
 Confusing Touch          Hex            #####...     3%          3    None
 Gell's Gravitas          Tloc           #####.....   3%          3    None
 Lesser Beckoning         Tloc           #####.....   3%          3    None
 Ozocubu's Armour         Chrm/Ice       #####...     3%          3    None
 Portal Projectile        Hex/Tloc       #####.       3%          3    None
 Recall                   Summ/Tloc      N/A          3%          3    None
 Spectral Weapon          Hex/Chrm       #####...     3%          3    None
 Teleport Other           Tloc           #####...     3%          3    None
 Tukima's Dance           Hex            #####...     3%          3    None
 Airstrike                Air            #####.....   3%          4    None
 Olgreb's Toxic Radiance  Pois           #####...     3%          4    None
 Freezing Cloud           Conj/Ice/Air   #######...   3%          6    None
 Spellforged Servitor     Conj/Summ      #######...   5%          7    ###....
 Yara's Violent Unravell  Hex/Tmut       #####.....   7%          5    None
 Ice Form                 Ice/Tmut       #####...     10%         4    None
 Animate Dead             Necr           N/A          12%         4    None
 Cause Fear               Hex            #####.....   12%         4    None
 Dispel Undead            Necr           #####...     12%         4    None
 Passage of Golubria      Tloc           N/A          12%         4    None
 Summon Ice Beast         Ice/Summ       #####...     12%         4    None
 Ring of Flames           Chrm/Fire      ########..   12%         7    ###....
 Alistair's Intoxication  Tmut/Pois      #####...     26%         5    None
 Excruciating Wounds      Chrm/Necr      #####.....   32%         5    None
 Metabolic Englaciation   Hex/Ice        #####.....   32%         5    None
 Silence                  Hex/Air        #####.....   32%         5    None
 Summon Demon             Summ           #####.....   32%         5    None
 Summon Forest            Summ/Tloc      #####.....   32%         5    None
 Summon Mana Viper        Hex/Summ       #####...     32%         5    None
 Ozocubu's Refrigeration  Ice            #####.....   41%         6    None
 Hydra Form               Tmut           ######....   78%         6    None
 Eringya's Noxious Bog    Tmut/Pois      #####.....   83%         6    None
 Death Channel            Necr           #####.....   87%         6    None
 Deflect Missiles         Chrm/Air       #####.....   87%         6    None
 Dispersal                Tloc           #####.....   87%         6    None
 Shadow Creatures         Summ           N/A          87%         6    None
 Simulacrum               Ice/Necr       #####.....   87%         6    None
 Dragon Form              Tmut           ######....   100%        7    ###....
 Summon Hydra             Summ           #####.....   100%        7    ###....
 Disjunction              Tloc           #####.....   100%        8    #####..
 Glaciate                 Conj/Ice       #######...   99%         9    ######.
 Tornado                  Air            #####.....   100%        9    ######.
 Sublimation of Blood     Necr           Unusable     N/A         2    N/A
 Statue Form              Tmut/Erth      Unusable     N/A         6    N/A

Dungeon Overview and Level Annotations

Branches:
Dungeon (15/15)            Temple (1/1) D:6            Lair (6/6) D:9
  Swamp (4/4) Lair:2        Snake (4/4) Lair:3        Slime (0/5) Lair:6
    Orc (2/2) D:9             Elf (3/3) Orc:2        Vaults (5/5) D:14
  Crypt (3/3) Vaults:3       Tomb (0/3) Crypt:3      Depths (4/5) D:15
Ossuary (visited)          Bailey (visited)          WizLab (visited)
Gauntlet (visited)

Altars:
Ashenzari
Cheibriados
Dithmenos
Fedhas
Hepliaklqana
Kikubaaqudgha
Nemelex Xobeh
Qazlal
Ru
Sif Muna
Trog
Uskayaw
Vehumet
Wu Jian
Xom
Yredelemnul
Zin
The Shining One
Lugonu

Shops:
D:7 }   Orc:2 *![*   Elf:2 :   Snake:2 ==}   Vaults:5 :   Depths:3 [*

Portals:
Hell: Depths:1 Depths:2 Depths:3
Abyss: Depths:2 Depths:3
Pandemonium: Depths:1 Depths:3
Ziggurat: Depths:2
Trove: Vaults:3 (show abyssal rune of Zot)

Annotations:
D:14 3 runed translucent doors
Lair:5 exclusion: oklob plant
Lair:6 2 transporters, Fandomethor's ghost, journeyman GrFi
Swamp:4 1 runed translucent door, walterwhite's ghost, journeyman MiGl
Elf:2 5 runed translucent doors


Innate Abilities, Weirdness & Mutations

You are resistant to torment.
Your stone body is resilient. (AC +20)
You are immune to poison.
Your large and strong wings let you fly indefinitely.
You resist negative energy. (rN+)
You are resistant to electric shocks. (rElec)
You can survive without breathing.
You are immune to petrification.
You are immune to rotting.
You have hoof-like feet.
You are covered in fur. (AC +1)
Your movements are slightly less encumbered by armour. (ER -2)


Message History

Aiming: Iron Shot (safe; 1% risk of failure)
Press: ? - help, Shift-Dir - straight line, f/p - caustic shrike
Aim: a caustic shrike (flame, almost dead)
You feel a surge of power!
Really fire in your fire vortex's direction?
The iron shot hits your fire vortex!!!
Your fire vortex dissipates!
The caustic shrike is engulfed in blazing flames.
The caustic shrike completely misses you.
Your fire vortex completely misses the spriggan air mage.
A water elemental comes into view.
The merfolk javelineer throws a javelin.
The javelin barely misses you.
Your fire vortex hits the caustic shrike.
Your fire vortex burns the caustic shrike!
The caustic shrike resists.
Your fire vortex dissipates!
The spriggan air mage waves its arms in wide circles.
The air twists around and violently strikes you in flight!!!
You die...

#............≈.
#.....○.v..).≈#.
§...°...°.○..≈≈∩
§m[...°v°°○...≈≈
8...ivvvv.○.....
v..°v.(v(v.....
E..○○○[○°......
...○v○°b°○v....
#.......@.......
#......(Z.......
#.......#...v..#
#...............
............>...
.....)..........
.).))). .).....
....... ...####


You could see a caustic shrike, a merfolk javelineer, a spriggan air mage, a
water elemental, a hell knight simulacrum and 13 friendly fire vortices.

Vanquished Creatures
  2 juggernauts
  An ancient lich (Depths:2)
  Sojobo (Crypt:3)
  Bai Suzhen (Swamp:3)
  Xtahua (Depths:4)
  A caustic shrike (Depths:3)
  A profane servitor (Crypt:3)
  2 golden dragons
  The ghost of Aprye the Warrior, an adept HOFi of Fedhas (Elf:3)
  5 liches
  A bone dragon (Crypt:3)
  Rupert (Lair:3)
  3 tentacled monstrosities
  A Cloud Mage (WizLab)
  6 sphinxes (Vaults:5)
  2 deep elf master archers (Elf:3)
  4 deep elf blademasters (Elf:3)
  A titan (Depths:3)
  3 quicksilver dragons
  8 ancient champions
  5 shadow dragons (Vaults:5)
  Agnes (D:14)
  The ghost of Opej the Markscentaur, an adept CeHu of Okawaru (Elf:3)
  3 storm dragons
  3 azure jellies
  2 thorn hunters
  Donald (Swamp:2)
  7 tengu reavers
  Roxanne (Snake:1)
  16 nagarajas
  5 revenants
  7 fire giants
  3 deep elf sorcerers
  10 frost giants
  An orc warlord (Vaults:5)
  An iron dragon (Depths:3)
  2 curse skulls (Crypt:2)
  Louise (D:14)
  14 vault wardens
  4 deep elf elementalists
  28 very ugly things
  16 ironheart preservers
  5 ghouls (Crypt:1)
  2 reapers (Crypt:2)
  Aizul (Snake:2)
  5 entropy weavers
  5 war gargoyles
  The ghost of Acaodgh the Ripper, an adept FeAr of Ashenzari (Elf:3)
  The ghost of Caamor the Corrupter of Planes, a journeyman DsAK of Lugonu (Elf:3)
  9 vampire knights
  17 stone giants
  9 deep elf demonologists
  9 spark wasps
  10 deep elf annihilators
  A minotaur (Gauntlet)
  A spark wasp (shapeshifter) (Depths:3)
  3 blizzard demons (WizLab)
  17 ettins
  A mummy priest (Elf:2)
  2 eidola
  3 green deaths (Depths:2)
  23 jiangshi
  14 deep elf death magi
  7 deep elf high priests
  10 great orbs of eyes
  A quicksilver dragon zombie (Crypt:1)
  13 naga warriors
  16 yaktaur captains
  17 fire dragons
  10 ice dragons
  4 rakshasas
  30 vault guards
  2 shambling mangroves (Swamp:2)
  19 hydras
  A spriggan air mage (Depths:2)
  7 catoblepae
  13 alligators
  19 centaur warriors
  4 ghost crabs
  5 death knights
  14 death yaks
  15 anacondas
  29 two-headed ogres
  A spectral dire elephant (Crypt:3)
  2 two-headed ogres (shapeshifter)
  12 vampire magi
  13 ogre magi
  9 deep troll shamans
  A queen ant (Lair:6)
  11 deep troll earth magi
  Urug (D:11)
  4 orc high priests
  19 dancing weapons
  9 shock serpents
  2 spriggan berserkers
  4 tengu warriors
  17 deep elf knights
  Sonja (Lair:4)
  3 soul eaters
  6 hell knights
  13 naga sharpshooters
  6 death drakes
  2 fire crabs
  36 deep trolls
  5 salamander mystics
  39 skeletal warriors
  A fire crab (shapeshifter) (Vaults:3)
  5 shadow wraiths
  4 iron trolls
  6 sea snakes
  5 unseen horrors
  7 flayed ghosts
  An orange crystal statue (D:14)
  10 phantasmal warriors
  20 deep elf archers
  9 wizards
  18 orc knights
  3 glowing orange brains
  A swamp dragon (Swamp:2)
  9 naga ritualists
  A death drake (shapeshifter) (Vaults:1)
  17 ironbrand convokers
  5 harpies (Vaults:4)
  6 necromancers
  2 orb spiders (shapeshifter)
  59 deep elf magi
  A mana viper (shapeshifter) (Vaults:2)
  71 ugly things
  2 manticores (Lair:6)
  2 oklob plants
  5 wolf spiders
  2 wolf spider zombies
  A frost giant zombie (Crypt:1)
  A stone giant zombie (Crypt:2)
  7 orc sorcerers
  11 cyclopes
  A shining eye (shapeshifter) (Elf:2)
  12 salamanders
  15 mana vipers
  An iron dragon skeleton (Crypt:1)
  A frost giant skeleton (Vaults:2)
  A moth of wrath (Swamp:4)
  A salamander (shapeshifter) (Vaults:3)
  2 ice statues (Depths:3)
  4 apocalypse crabs (WizLab)
  39 black mambas
  25 naga magi
  2 gargoyles
  18 guardian serpents
  16 vault sentinels
  5 kobold demonologists
  20 spiny frogs
  6 komodo dragons
  3 rime drakes
  A minotaur zombie (Gauntlet)
  39 yaktaurs
  15 freezing wraiths
  2 yaktaurs (shapeshifter)
  2 redback zombies
  4 jumping spiders
  2 queen bees
  11 trolls
  A queen bee (shapeshifter) (Vaults:1)
  A harpy zombie (Crypt:1)
  A merfolk (shapeshifter) (Vaults:5)
  2 wind drakes (shapeshifter)
  Prince Ribbit (D:9)
  50 slime creatures
  5 bog bodies
  A raiju (shapeshifter) (Depths:3)
  10 tyrant leeches
  3 wind drakes (WizLab)
  8 blink frogs (Lair:6)
  2 hippogriffs (shapeshifter)
  2 raiju
  25 hornets
  A dream sheep (shapeshifter) (D:15)
  A stone giant simulacrum (Crypt:3)
  12 hippogriffs
  An ettin zombie (Vaults:2)
  41 flying skulls (Crypt:3)
  A frost giant simulacrum (Crypt:3)
  A vampire (D:15)
  A meliai zombie (D:14)
  11 shadows
  A redback (shapeshifter) (Elf:3)
  11 spriggans
  3 tarantellas
  20 air elementals
  5 wyverns
  10 wraiths
  68 yaks
  Sigmund (D:4)
  3 redbacks
  4 water elementals
  6 fire elementals
  2 basilisks
  5 hungry ghosts
  3 swamp worm simulacra (Swamp:4)
  A golden eye (shapeshifter) (Vaults:1)
  2 human simulacra
  25 insubstantial wisps
  11 vampire mosquitoes
  2 harpy simulacra (Depths:3)
  A swamp worm (shapeshifter) (Vaults:5)
  5 wargs
  A monstrous demonspawn zombie (Crypt:1)
  9 soldier ants
  14 swamp worms
  2 acid dragons (Gauntlet)
  An acid dragon (shapeshifter) (Vaults:1)
  2 large abominations (Crypt:3)
  2 spatial vortices (Depths:3)
  56 nagas
  5 porcupines
  15 hydra simulacra
  A floating eye (Depths:3)
  8 swamp drakes
  14 water moccasins
  A gelid demonspawn skeleton (Crypt:1)
  8 sky beasts
  2 small abominations (Crypt:3)
  A dream sheep zombie (Crypt:2)
  4 ice beasts
  39 orc warriors
  An eye of draining (D:13)
  A black bear (Lair:1)
  11 necrophages
  3 phantoms
  2 sky beasts (shapeshifter)
  34 ogres
  A boggart (shapeshifter) (Vaults:3)
  14 wolves
  A black mamba simulacrum (Depths:3)
  A lindwurm zombie (Crypt:1)
  38 centaurs
  19 crocodiles
  An orc skeleton (Vaults:2)
  18 boggarts
  A big kobold (D:11)
  8 earth elementals
  23 bullfrogs
  A gnoll sergeant (D:9)
  A hippogriff skeleton (Crypt:2)
  A water moccasin zombie (D:5)
  A wyvern skeleton (D:14)
  3 scorpions
  A shapeshifter zombie (Crypt:2)
  An elephant simulacrum (Depths:3)
  46 killer bees
  4 electric eels
  7 wights
  A howler monkey (D:5)
  A bullfrog zombie (D:11)
  5 crimson imps
  7 centaur zombies
  7 jellies
  An iron imp (Depths:3)
  3 bullfrog skeletons
  4 centaur skeletons
  10 hounds
  34 orc priests
  47 orc wizards
  A human zombie (Ossuary)
  5 iguanas
  2 troll simulacra (Depths:3)
  6 lightning spires
  28 worker ants
  2 killer bee zombies
  A big kobold zombie (Ossuary)
  A deep dwarf skeleton (Crypt:2)
  2 crocodile skeletons (Crypt:2)
  A felid skeleton (Crypt:2)
  A hound zombie (D:6)
  A hound skeleton (Crypt:1)
  2 mummies (Ossuary)
  14 adders
  8 gnolls
  A naga simulacrum (Depths:3)
  6 shadow imps
  A white imp (Depths:4)
  An ooze (D:2)
  5 swamp drake simulacra (Swamp:4)
  An adder zombie (Ossuary)
  An adder skeleton (D:4)
  2 worms
  A dart slug (D:4)
  7 leopard geckos
  90 orcs
  10 bats
  A giant cockroach (D:6)
  10 goblins
  11 hobgoblins
  7 jackals
  5 quokkas
  2 ball python skeletons
  A ball python zombie (Crypt:2)
  3 frilled lizards
  4 goblin zombies (Ossuary)
  14 hobgoblin zombies
  A jackal zombie (Ossuary)
  26 kobolds
  9 kobold zombies (Ossuary)
  5 orc zombies (Ossuary)
  2 quokka skeletons
  2 rats (D:2)
  8 crawling corpses (Vaults:5)
  A fire vortex (Depths:4)
  A fungus (Lair:4)
  2 plants
2544 creatures vanquished.

Vanquished Creatures (collateral kills)
  Jory (Vaults:4)
  A two-headed ogre (Vaults:4)
2 creatures vanquished.

Vanquished Creatures (others)
  An eldritch tentacle (Depths:3)
  A tengu reaver (Crypt:3)
  An ogre mage (Vaults:4)
  A shadow wraith (Vaults:5)
  A death drake (WizLab)
  An unseen horror (shapeshifter) (Depths:2)
  A spiny frog (Swamp:2)
  2 yaktaurs (Depths:1)
  A hornet (Swamp:1)
  A tyrant leech (Swamp:4)
  A hornet (shapeshifter) (Depths:1)
  A flying skull (Crypt:3)
  A spriggan (Swamp:1)
  4 vampire mosquitoes (Swamp:4)
  A swamp drake (Swamp:1)
  3 ball lightnings (Depths:3)
  An orc (D:11)
  17 fire vortices
  14 fungi
  22 plants
  5 toadstools (D:7)
81 creatures vanquished.

Grand Total: 2627 creatures vanquished

Notes
Turn   | Place    | Note
-------+----------+-------------------------------------------
     0 | D:1      | Epan the Gargoyle Earth Elementalist began the quest for
                  | the Orb.
     0 | D:1      | Reached XP level 1. HP: 10/10 MP: 3/3
   159 | D:1      | You fall into a shaft and drop 1 floor!
   180 | D:1      | Reached XP level 2. HP: 11/15 MP: 1/5
   946 | D:2      | Reached XP level 3. HP: 16/19 MP: 0/6
  1025 | D:2      | Gained mutation: You are covered in fur. (AC +1) [potion of
                  | mutation]
  1025 | D:2      | Gained mutation: You have large cloven feet. [potion of
                  | mutation]
  1025 | D:2      | Gained mutation: Your movements are slightly less
                  | encumbered by armour. (ER -2) [potion of mutation]
  1104 | D:2      | Learned a level 3 spell: Stone Arrow
  1186 | D:2      | Reached XP level 4. HP: 22/24 MP: 6/8
  1250 | D:2      | Reached skill level 1 in Conjurations
  1250 | D:2      | Reached skill level 5 in Earth Magic
  1636 | D:2      | Reached XP level 5. HP: 23/28 MP: 10/10
  2233 | D:3      | Noticed a centaur
  2243 | D:3      | Killed a centaur
  2243 | D:3      | Reached XP level 6. HP: 27/32 MP: 7/11
  2265 | D:3      | Learned a level 5 spell: Lee's Rapid Deconstruction
  2355 | D:3      | Learned a level 3 spell: Mephitic Cloud
  3167 | D:4      | Noticed Sigmund
  3171 | D:4      | Killed Sigmund
  3171 | D:4      | Reached XP level 7. HP: 26/36 MP: 8/13
  3640 | D:5      | Entered Level 5 of the Dungeon
  3926 | D:5      | Reached skill level 1 in Fighting
  3926 | D:5      | Reached skill level 1 in Maces & Flails
  3926 | D:5      | Reached skill level 1 in Armour
  3926 | D:5      | Reached XP level 8. HP: 16/43 MP: 4/15
  3927 | D:5      | Reached skill level 5 in Spellcasting
  3927 | D:5      | Reached skill level 1 in Evocations
  4753 | D:6      | Found a glowing silver altar of Zin.
  4803 | D:6      | Got an opalescent robe
  4804 | D:6      | Identified the +1 robe of the Purple Skies {Str+2 Int+2}
                  | (You found it on level 6 of the Dungeon)
  4995 | D:6      | Found a staircase to the Ecumenical Temple.
  5007 | Temple   | Entered the Ecumenical Temple
  5036 | Temple   | Became a worshipper of Vehumet
  5217 | D:7      | Found Eptut Sink's Gadget Boutique.
  5243 | D:7      | Reached skill level 5 in Conjurations
  5592 | D:7      | Reached XP level 9. HP: 49/49 MP: 8/17
  5769 | D:8      | Found a sand-covered staircase.
  5788 | Ossuary  | Entered an ossuary
  5828 | Ossuary  | Reached * piety under Vehumet
  5828 | Ossuary  | Offered knowledge of Shock by Vehumet.
  6249 | D:8      | Noticed a two-headed ogre
  6254 | D:8      | Killed a two-headed ogre
  6280 | D:8      | Reached ** piety under Vehumet
  6284 | D:8      | Offered knowledge of Searing Ray by Vehumet.
  6560 | D:8      | Reached XP level 10. HP: 56/56 MP: 17/19
  7003 | D:9      | Noticed Prince Ribbit
  7006 | D:9      | Killed Prince Ribbit
  7109 | D:9      | Found a staircase to the Lair.
  7327 | D:9      | Found a shimmering altar of Xom.
  7330 | D:9      | Found a stormy altar of Qazlal.
  7333 | D:9      | Found a shadowy altar of Dithmenos.
  7351 | D:9      | Found a staircase to the Orcish Mines.
  7467 | D:9      | Offered knowledge of Static Discharge by Vehumet.
  7514 | D:9      | Found a glowing silver altar of Zin.
  7654 | D:10     | Entered Level 10 of the Dungeon
  7735 | D:10     | Reached skill level 5 in Fighting
  7735 | D:10     | Reached skill level 5 in Armour
  7778 | D:10     | Reached *** piety under Vehumet
  8008 | D:10     | Reached skill level 5 in Maces & Flails
  8102 | D:10     | Reached XP level 11. HP: 44/64 MP: 16/21
  8131 | D:10     | Found a shimmering blue altar of Sif Muna.
  8396 | D:10     | Offered knowledge of Ignite Poison by Vehumet.
  9191 | D:11     | Reached **** piety under Vehumet
  9239 | D:11     | Noticed a skeletal warrior
  9240 | D:11     | Noticed a skeletal warrior
  9241 | D:11     | Noticed a skeletal warrior
  9417 | D:11     | Noticed a seven-headed hydra
  9423 | D:11     | Killed a seven-headed hydra
  9423 | D:11     | Reached skill level 5 in Evocations
  9631 | D:11     | Offered knowledge of Irradiate by Vehumet.
  9660 | D:11     | Learned a level 5 spell: Irradiate
  9774 | D:11     | Reached skill level 5 in Dodging
  9858 | D:11     | Killed a skeletal warrior
  9877 | D:11     | Noticed a skeletal warrior
 10162 | D:11     | Killed a skeletal warrior
 10401 | D:11     | Noticed Urug
 10410 | D:11     | Killed a skeletal warrior
 10420 | D:11     | Killed Urug
 10420 | D:11     | Reached skill level 10 in Earth Magic
 10420 | D:11     | Reached XP level 12. HP: 16/71 MP: 3/23
 10762 | D:11     | Noticed a two-headed ogre
 10769 | D:11     | Killed a two-headed ogre
 11007 | D:11     | Found a runed translucent door.
 11569 | D:12     | Reached ***** piety under Vehumet
 11710 | D:12     | Noticed a two-headed ogre
 11717 | D:12     | Killed a two-headed ogre
 11905 | D:12     | Offered knowledge of Orb of Destruction by Vehumet.
 12174 | D:13     | Noticed a centaur warrior
 12204 | D:13     | Killed a centaur warrior
 12619 | D:13     | Noticed an eight-headed hydra
 12625 | D:13     | Killed an eight-headed hydra
 12700 | D:13     | Reached XP level 13. HP: 75/78 MP: 25/25
 12918 | D:14     | Found a runed translucent door.
 12920 | D:14     | Noticed Agnes
 12927 | D:14     | Killed Agnes
 12930 | D:14     | Noticed Louise
 13521 | D:14     | Found a gate to the Vaults.
 14572 | D:14     | Found a runed translucent door.
 14590 | D:14     | Found a runed translucent door.
 14615 | D:14     | Reached skill level 10 in Conjurations
 14690 | D:14     | Found a runed translucent door.
 15195 | D:14     | Killed Louise
 15366 | D:15     | Entered Level 15 of the Dungeon
 15479 | D:15     | Noticed a fire dragon
 15482 | D:15     | Killed a fire dragon
 15482 | D:15     | Gained mutation: Your large and strong wings let you fly
                  | indefinitely. [Gargoyle growth]
 15482 | D:15     | Reached XP level 14. HP: 72/86 MP: 1/27
 15714 | Lair:1   | Entered Level 1 of the Lair of Beasts
 16199 | Lair:1   | Learned a level 7 spell: Orb of Destruction
 16662 | Lair:2   | Found a staircase to the Swamp.
 17009 | Lair:2   | Offered knowledge of Bolt of Magma by Vehumet.
 17023 | Lair:2   | Learned a level 5 spell: Bolt of Magma
 17375 | Lair:3   | Noticed Rupert
 17385 | Lair:3   | Reached skill level 1 in Fire Magic
 17389 | Lair:3   | Killed Rupert
 17672 | Lair:3   | Reached skill level 10 in Fighting
 17760 | Lair:3   | Found a staircase to the Snake Pit.
 17997 | Lair:3   | You are sucked into a shaft and drop 1 floor!
 18278 | Lair:4   | Noticed Sonja
 18280 | Lair:4   | Killed Sonja
 20233 | Lair:5   | Reached skill level 10 in Spellcasting
 20233 | Lair:5   | Reached XP level 15. HP: 66/93 MP: 7/29
 20591 | Lair:6   | Entered Level 6 of the Lair of Beasts
 20609 | Lair:6   | Identified the +9 trident of Darkness {venom, *Contam rElec
                  | Str+7 Dex+2}
 20610 | Lair:6   | Noticed Fandomethor's ghost (journeyman GrFi)
 20622 | Lair:6   | Found a gate leading to a gauntlet.
 20631 | Gauntlet | Entered a Gauntlet
 20631 | Gauntlet | Found a transporter.
 20631 | Gauntlet | Found a transporter.
 20631 | Gauntlet | Found a transporter.
 20632 | Gauntlet | Found a transporter.
 20635 | Gauntlet | Found a transporter.
 20635 | Gauntlet | Found a transporter.
 20647 | Gauntlet | Found a transporter.
 20649 | Gauntlet | Found a transporter.
 20665 | Gauntlet | Found a transporter.
 20666 | Gauntlet | Found a transporter.
 20687 | Gauntlet | Found a transporter.
 20687 | Gauntlet | Found a transporter.
 20969 | Gauntlet | Got an ichor-stained cloak
 20970 | Gauntlet | Identified the +0 cloak of the Stars {rCorr Int+3} (You
                  | found it in a Gauntlet)
 21016 | Gauntlet | Reached skill level 5 in Fire Magic
 21033 | Gauntlet | Identified the +0 hat "Suyck" {rN+ MR+ MP+9} (You found it
                  | in a Gauntlet)
 21233 | Gauntlet | Got a scorched wooden ring
 21234 | Gauntlet | Identified the ring of the Princeling {rC+ MR- Dex+7} (You
                  | found it in a Gauntlet)
 21368 | Lair:6   | Found a transporter.
 21371 | Lair:6   | Found a staircase to the Slime Pits.
 21373 | Lair:6   | Found a bloodstained altar of Trog.
 21376 | Lair:6   | Found a transporter.
 21453 | Lair:6   | Offered knowledge of Iskenderun's Battlesphere by Vehumet.
 21455 | Lair:6   | Reached skill level 10 in Maces & Flails
 21484 | Lair:6   | HP: 3/93 [something (21)]
 22073 | Lair:6   | Offered knowledge of Yara's Violent Unravelling by Vehumet.
 22275 | Lair:6   | Reached XP level 16. HP: 97/100 MP: 24/30
 22324 | Lair:6   | Got a steaming shortbow
 22325 | Lair:6   | Identified the +8 shortbow of the Neverending Wars {vorpal,
                  | rF+ MR+} (You found it on level 6 of the Lair of Beasts)
 22891 | Orc:1    | Entered Level 1 of the Orcish Mines
 22898 | Orc:1    | Found a flagged portal.
 22907 | Bailey   | Entered a bailey
 22961 | Bailey   | Reached ****** piety under Vehumet
 23291 | Orc:1    | Found a bloodstained altar of Trog.
 23705 | Orc:2    | Entered Level 2 of the Orcish Mines
 24465 | Orc:2    | Found a staircase to the Elven Halls.
 24528 | Orc:2    | Found Ejej's General Store.
 24528 | Orc:2    | Found Cegix's Antique Armour Shop.
 24529 | Orc:2    | Found Eboime's Assorted Antiques.
 24532 | Orc:2    | Found Tewyweli's Distillery.
 24535 | Orc:2    | Bought a potion of curing for 45 gold pieces
 24535 | Orc:2    | Bought a scroll of identify for 30 gold pieces
 24535 | Orc:2    | Bought a scroll of blinking for 112 gold pieces
 24537 | Orc:2    | Bought a scroll labeled OTHIOCS ASIJI for 31 gold pieces
 24537 | Orc:2    | Bought a scroll of magic mapping for 108 gold pieces
 24537 | Orc:2    | Bought a scroll labeled KEGIOX NAUCOC for 31 gold pieces
 24537 | Orc:2    | Bought a scroll of enchant armour for 232 gold pieces
 24552 | Orc:2    | Bought a runed morningstar for 217 gold pieces
 24552 | Orc:2    | Bought a potion of ambrosia for 248 gold pieces
 24557 | Orc:2    | Bought a pair of glowing boots for 255 gold pieces
 24570 | Orc:2    | Bought a potion of curing for 45 gold pieces
 24570 | Orc:2    | Bought a potion of might for 60 gold pieces
 24570 | Orc:2    | Bought a potion of heal wounds for 75 gold pieces
 24570 | Orc:2    | Bought a potion of haste for 150 gold pieces
 24570 | Orc:2    | Bought a potion of cancellation for 120 gold pieces
 24570 | Orc:2    | Bought a potion of heal wounds for 75 gold pieces
 24570 | Orc:2    | Bought a potion of cancellation for 120 gold pieces
 24570 | Orc:2    | Bought a potion of haste for 150 gold pieces
 24570 | Orc:2    | Bought a potion of haste for 150 gold pieces
 24570 | Orc:2    | Bought a potion of brilliance for 60 gold pieces
 24578 | Orc:2    | Bought a potion of brilliance for 60 gold pieces
 24932 | D:15     | Offered knowledge of Conjure Ball Lightning by Vehumet.
 25188 | D:15     | Found a staircase to the Depths.
 25269 | D:15     | Found a shimmering altar of Xom.
 25270 | D:15     | Found an ornate altar of the Wu Jian Council.
 25270 | D:15     | Found a stormy altar of Qazlal.
 25932 | D:15     | Noticed a tengu reaver
 25951 | D:15     | Killed a tengu reaver
 26259 | D:15     | Noticed a storm dragon
 26270 | D:15     | Killed a storm dragon
 26273 | D:15     | Reached XP level 17. HP: 70/106 MP: 1/32
 26571 | D:15     | Identified the Grimoire of Entrancing Flames
 27009 | Elf:1    | Entered Level 1 of the Elven Halls
 27393 | Snake:1  | Entered Level 1 of the Snake Pit
 27452 | Snake:1  | Noticed Roxanne
 27455 | Snake:1  | Killed Roxanne
 27515 | Snake:1  | Learned a level 6 spell: Iron Shot
 27707 | Snake:1  | Reached skill level 10 in Fire Magic
 28121 | Snake:1  | Found a shimmering altar of Xom.
 28369 | Snake:1  | Offered knowledge of Starburst by Vehumet.
 28642 | Snake:2  | Found Xeixken's Jewellery Boutique.
 28644 | Snake:2  | Found Bedoseczyf's Gadget Shoppe.
 28645 | Snake:2  | Found Gyin's Jewellery Boutique.
 28996 | Snake:1  | Learned a level 6 spell: Starburst
 29496 | Snake:2  | Reached skill level 10 in Dodging
 29638 | Snake:2  | Noticed Aizul
 29642 | Snake:2  | Killed Aizul
 29988 | Snake:2  | You are sucked into a shaft and drop 1 floor!
 30028 | Snake:3  | Got a faintly glowing buckler
 30094 | Snake:3  | Reached XP level 18. HP: 56/112 MP: 26/33
 30253 | Snake:3  | Offered knowledge of Ozocubu's Refrigeration by Vehumet.
 30475 | Snake:3  | Identified the +2 buckler of Disappointment {rN+ Str+3}
                  | (You found it on level 3 of the Snake Pit)
 30505 | Snake:2  | Reached skill level 1 in Shields
 31026 | Snake:2  | HP: 5/113 [salamander mystic/+0 quarterstaff (11)]
 31398 | Snake:3  | Reached skill level 15 in Earth Magic
 32068 | Swamp:1  | Entered Level 1 of the Swamp
 32967 | Swamp:2  | Noticed Donald
 33111 | Swamp:2  | Offered knowledge of Lehudib's Crystal Spear by Vehumet.
 33111 | Swamp:2  | Offered knowledge of Fire Storm by Vehumet.
 33111 | Swamp:2  | Offered knowledge of Chain Lightning by Vehumet.
 33240 | Swamp:2  | Killed Donald
 33695 | Swamp:3  | Noticed Bai Suzhen
 33706 | Swamp:3  | Killed Bai Suzhen
 33935 | Swamp:3  | Reached XP level 19. HP: 107/119 MP: 35/35
 34258 | Swamp:4  | Entered Level 4 of the Swamp
 34295 | Swamp:4  | Found a runed translucent door.
 34296 | Swamp:4  | Noticed walterwhite's ghost (journeyman MiGl)
 34372 | Swamp:4  | Gained mutation: You have hoof-like feet. [mutagenic glow]
 34839 | Swamp:4  | Found the +8 frozen axe "Frostbite" {freezing cloud, *Noise
                  | +Fly rC+}
 35213 | Swamp:4  | Got a decaying rune of Zot
 35875 | Vaults:1 | Entered Level 1 of the Vaults
 37054 | Vaults:1 | You are sucked into a shaft and drop 1 floor!
 37435 | Vaults:2 | Reached XP level 20. HP: 126/126 MP: 13/36
 38219 | Vaults:2 | Found a shattered altar of Ashenzari.
 39876 | Elf:1    | Identified the Catalogue of Arcane Weapons
 40353 | Elf:2    | Found Idilaergh's One-of-a-Kind Books.
 40402 | Elf:2    | Found a magical portal.
 41103 | WizLab   | Noticed Ytinudahe
 41111 | WizLab   | Killed Ytinudahe the Cloud Mage
 41154 | WizLab   | Identified Sif Muna's Volume of Feathery Good Luck
 41163 | WizLab   | Identified the Tome of Flight
 41306 | Elf:2    | Found a shimmering blue altar of Sif Muna.
 41317 | Elf:2    | Reached XP level 21. HP: 132/132 MP: 18/38
 41656 | Elf:2    | Got a faintly glowing cloak
 41667 | Elf:2    | Identified the +0 cloak of the Hidden Vale {rPois SInv}
                  | (You found it on level 2 of the Elven Halls)
 41856 | Elf:2    | Found a huge runed translucent gate.
 41856 | Elf:2    | Found a huge runed translucent gate.
 41856 | Elf:2    | Found a huge runed translucent gate.
 41858 | Elf:2    | Found a huge runed translucent gate.
 41859 | Elf:2    | Found a huge runed translucent gate.
 41947 | Elf:2    | Identified the +2 leather armour of Saffoki {*Contam rElec
                  | rCorr Dex+4} (You found it on level 2 of the Elven Halls)
 42491 | Elf:3    | Entered Level 3 of the Elven Halls
 42591 | Elf:3    | Reached skill level 15 in Conjurations
 42884 | Elf:3    | Reached skill level 15 in Fire Magic
 42965 | Elf:3    | Found a runed translucent gate.
 42965 | Elf:3    | Found a runed translucent gate.
 42965 | Elf:3    | Found a runed translucent gate.
 42966 | Elf:3    | Noticed Opej's ghost (adept CeHu)
 42966 | Elf:3    | Noticed Caamor's ghost (journeyman DsAK)
 42967 | Elf:3    | Noticed Aprye's ghost (adept HOFi)
 42967 | Elf:3    | Noticed Acaodgh's ghost (adept FeAr)
 42989 | Elf:3    | Killed Acaodgh's ghost
 42990 | Elf:3    | Killed Caamor's ghost
 43009 | Elf:3    | Killed Opej's ghost
 43019 | Elf:3    | Killed Aprye's ghost
 43365 | Elf:3    | Got a coiled silver ring
 43366 | Elf:3    | Identified the ring of Hospitality {rC+ Int+5 SInv} (You
                  | found it on level 3 of the Elven Halls)
 43899 | Elf:3    | Identified the +1 hand axe "Goimnoco" {vorpal, Str+4}
 43900 | Elf:3    | Identified the +12 hand axe of Taliq {chaos, +Blink Str+4
                  | Dex+4}
 43904 | Elf:3    | Identified the +11 quarterstaff of the Little People
                  | {venom, Stlth+}
 43904 | Elf:3    | Identified the +3 leather armour of Femuyga {rF+ rN+ SInv}
 43914 | Elf:3    | Reached skill level 15 in Fighting
 43943 | Elf:3    | Identified the +8 glaive of Dismay {vorpal, *Drain +Blink
                  | rElec rN+} (You took it off a deep elf high priest on level
                  | 3 of the Elven Halls)
 43943 | Elf:3    | Identified the ring of Tender Moments {Int+4 Dex+3}
 44395 | Elf:3    | Reached XP level 22. HP: 140/140 MP: 27/39
 44497 | Elf:3    | Identified the Volume of Transformation
 44499 | Elf:3    | Identified Vesk's Collected Works on the Voyage and
                  | Summoning
 44550 | Elf:3    | Identified the Papyrus of the Volcanoes and Shape Shifting
 44577 | Elf:3    | Got a smoking diamond amulet
 44578 | Elf:3    | Identified the amulet "Kiona" {Inacc rC+ rN+ Dex-3 Stlth+}
                  | (You found it on level 3 of the Elven Halls)
 45370 | Vaults:1 | Learned a level 8 spell: Ignition
 45381 | Vaults:1 | Learned a level 9 spell: Shatter
 45732 | Vaults:3 | Found a staircase to the Crypt.
 46433 | Vaults:3 | Found a portal to a secret trove of treasure.
 46997 | Vaults:4 | Noticed Jory
 47010 | Vaults:4 | Killed Jory
 47663 | Vaults:4 | Reached XP level 23. HP: 95/148 MP: 41/41
 48627 | Snake:4  | Entered Level 4 of the Snake Pit
 49283 | Snake:4  | Got a serpentine rune of Zot
 49382 | Snake:4  | Found Wajitops's Antique Weapon Boutique.
 49991 | Vaults:5 | Entered Level 5 of the Vaults
 50003 | Vaults:5 | Noticed a golden dragon
 50004 | Vaults:5 | Reached XP level 24. HP: 137/157 MP: 12/41
 50411 | Vaults:5 | Reached skill level 15 in Spellcasting
 50764 | Vaults:5 | Identified a scroll of acquirement
 50807 | Vaults:5 | Got a silver rune of Zot
 51247 | Vaults:5 | Found Werukki's Book Emporium.
 51399 | Vaults:5 | Identified the +5 pair of gloves of the Meadowlark {+Fly
                  | rF+ MP+9} (You found it on level 5 of the Vaults)
 51911 | Crypt:1  | Entered Level 1 of the Crypt
 52311 | Crypt:1  | You are sucked into a shaft and drop 1 floor!
 52346 | Crypt:2  | Reached XP level 25. HP: 125/164 MP: 42/42
 52563 | Crypt:2  | Found a blossoming altar of Fedhas.
 53597 | Crypt:3  | Entered Level 3 of the Crypt
 54092 | Crypt:3  | Found an ancient bone altar of Kikubaaqudgha.
 54092 | Crypt:3  | Noticed Sojobo
 54241 | Crypt:2  | Learned a level 9 spell: Fire Storm
 54304 | Crypt:3  | Killed Sojobo
 54621 | Crypt:3  | Got an ancient golden ring
 54621 | Crypt:3  | Got a shimmering jade ring
 54622 | Crypt:3  | Identified the ring "Zikoaf" {rN+ Str+4} (You found it on
                  | level 3 of the Crypt)
 54624 | Crypt:3  | Identified the ring of the Harvest {rPois rC- rN+ Str+6
                  | Int+2} (You found it on level 3 of the Crypt)
 54898 | Crypt:3  | Identified Sif Muna's Early Guide to Secret Knowledge
 55223 | Crypt:3  | Found a staircase to the Tomb.
 55761 | Depths:1 | Entered Level 1 of the Depths
 55761 | Depths:1 | Found a one-way gate leading to the halls of Pandemonium.
 56043 | Depths:1 | Reached XP level 26. HP: 165/172 MP: 42/42
 56475 | Depths:1 | Found a gateway to Hell.
 57474 | Depths:1 | Identified the +4 quarterstaff of Slime {drain, rF+} (You
                  | found it on level 1 of the Depths)
 57851 | Depths:2 | Found a gateway to a ziggurat.
 57851 | Depths:2 | Noticed an ancient lich
 57857 | Depths:2 | Killed an ancient lich
 58354 | Depths:2 | Found a corrupted altar of Lugonu.
 58354 | Depths:2 | Found a one-way gate to the infinite horrors of the Abyss.
 58488 | Depths:2 | Identified the +1 robe of Minor Irritation {rPois rC-
                  | Regen+ Int-3} (You found it on level 2 of the Depths)
 58867 | Depths:3 | Reached XP level 27. HP: 151/179 MP: 16/43
 58872 | Depths:3 | Noticed a juggernaut
 58875 | Depths:3 | Killed a juggernaut
 58904 | Depths:3 | Reached skill level 15 in Dodging
 59048 | Depths:3 | Identified the Compendium of the Birds
 59239 | Depths:3 | Identified the Papyrus of Displacement
 59256 | Depths:3 | Identified Zeno's Collected Works on the Glacier
 59402 | Depths:3 | Identified the Grimoire of Envenoming
 59597 | Depths:3 | Found Xosm's Armour Boutique.
 59608 | Depths:3 | Found Pir Osea's Pet Rocks.
 59853 | Depths:4 | Noticed Xtahua
 59856 | Depths:4 | Killed Xtahua
 59866 | Depths:4 | Noticed a juggernaut
 60122 | Depths:4 | Killed a juggernaut
 60131 | Depths:4 | Killed from afar by a spriggan air mage

Levels and vault maps discovered:
D:1:      dpeg_arrival_rooms_with_view, layout_loops_ring,
          chequers_serial_rivers_micro_c, serial_bayou_pond_e,
          minmay_misc_feat_nine_boxes
D:2:      layout_loops_cross
D:3:      layout_loops_corners, kennysheep_generic_room_4
D:4:      layout_loops_cross, uniq_sigmund
D:5:      layout_basic, first_ration
D:6:      layout_cave_pools, minmay_temple_entry_poolview, serial_column_ruins,
          column_ruins_hut_water, column_ruins_grid_5, column_ruins_grid_3,
          column_ruins_grid_1, column_ruins_corridor_dead_end,
          column_ruins_open_tiny, column_ruins_open_small, basic_altar,
          kennysheep_generic_room_10
D:7:      layout_basic, serial_shops, shop, minmay_gold_behind_fungi
D:8:      layout_basic, nicolae_ossuary_entry_monument
D:9:      layout_gridville, grunt_temple_overflow_cloverleaf, lair_entry_dummy,
          uniq_prince_ribbit1
D:10:     layout_loops_corners, basic_altar, david_nohive_1
D:11:     layout_rooms, minivault_13, uniq_urug
D:12:     layout_roguey, drop_trap
D:13:     layout_roguey
D:14:     layout_layer_cave, david_vaults_1, minmay_statue_crystal_thing,
          uniq_louise, uniq_agnes
D:15:     hangedman_slaughterboxes, serial_shops
Temple:   compressed_dpeg_circular_temple
Lair:1:   layout_small_grid, grunt_forest_stairs_basic,
          grunt_forest_large_clearing_hut, grunt_megastairs_4
Lair:2:   layout_gridlike, skrybe_swamp_entry_bodies,
          chequers_serial_rivers_small_a, chequers_serial_rivers_micro_d,
          serial_bayou_shore_b
Lair:3:   layout_roguey [special_room_bee], minmay_snake_entry_guardpost_small,
          uniq_rupert
Lair:4:   layout_gridlike, uniq_sonja
Lair:5:   layout_roguey, roderic_carrion_pond, minmay_lair_oklob_chamber
Lair:6:   evilmike_catoblepas_cave, layout_gridlike, slime_dummy,
          gammafunk_ghost_wrathful_warriors, gauntlet_entry_generic,
          minivault_11, minmay_another_anthill
Swamp:1:  layout_basic_swamp, evilmike_swamp_ruin_rubble_1, swamp_pool1
Swamp:2:  layout_basic_swamp, evilmike_swamp_ruin_house_2, uniq_donald
Swamp:3:  layout_basic_swamp, evilmike_swamp_ruin_house_5, uniq_bai_suzhen
Swamp:4:  swamp_icy, layout_basic_swamp, ebering_ghost_inner_flame, swamp_pool3,
          worms_lemuel
Snake:1:  skrybe_snakes_to_sticks, layout_basic, uniq_roxanne
Snake:2:  nicolae_aizul_guard, layout_concentric_octagons, serial_bayou_ford_a,
          st_stairs_11, nicolae_large_snake_swirl, minmay_shop_grove
Snake:3:  nrook_guardian_serpent_snake_passage, layout_onion_interference,
          evilmike_ambush [evilmike_ambush_outer_pillars,
          evilmike_ambush_inner_basic]
Snake:4:  grunt_snake_rune_serpentine_throne, layout_rooms, serial_shops, shop
Orc:1:    minmay_goldmine, layout_caves, enter_bailey_2, trog_book
Orc:2:    st_orc_mages, layout_caves
Elf:1:    layout_loops_corners, minmay_elf_annihilation, uniq_aizul
Elf:2:    layout_gridlike, lightli_enter_wizlab_magi_temple, nicolae_rare_books,
          st_stairs_4, hangedman_summoners_spam
Elf:3:    minmay_elf_hall_circle, layout_loops_ring, gammafunk_ghost_cemetery,
          serial_sigils_hangedman_stare
Vaults:1: ontoclasm_vaults_twist, hangedman_vaults_restitches,
          grunt_vaults_trifunnel, vaults_room_stairs_pillars,
          vaults_dpeg_spiral, nicolae_vaults_halls_meeting,
          nicolae_vaults_angled_halls, vaults_mumra_minichess, vaults_mumra_lcd,
          nicolae_vaults_little_squares_2, v_alt_pattern_5, layout_vaults_ring
Vaults:2: ontoclasm_vaults_idyll, v_misc_14, nicolae_vaults_stairing_the_circle,
          v_rooms_6, ontoclasm_vaults_chip, hangedman_vaults_slice, v_pattern_3,
          nicolae_vaults_little_ls, hangedman_vaults_cutoff, v_misc_8,
          ontoclasm_vaults_bender, nicolae_vaults_theta, v_misc_8,
          layout_vaults_omnibox, basic_altar
Vaults:3: v_misc_4, nicolae_vaults_twisting_passages, vaults_dpeg_encased_lava,
          vaults_room_pool, v_rooms_5, ontoclasm_vaults_chip, v_misc_25,
          vaults_standard_mumra_x, hangedman_vaults_trim, v_misc_25,
          v_alt_pattern_4, minmay_crypt_entry_simple_corners,
          nicolae_vaults_murderbox, layout_vaults_omnicross,
          nicolae_trove_entry_crossroad
Vaults:4: vaults_mumra_hex, vaults_mumra_minichess_inversion,
          nicolae_vaults_circle_grid_a, v_misc_3, vaults_mumra_bighexcomb,
          nicolae_vaults_little_squares_3, nicolae_vaults_little_squares_1,
          ontoclasm_vaults_tryst, hangedman_vaults_slice, vaults_room_grid,
          ontoclasm_vaults_hangar, v_alt_pattern_4, v_misc_16, v_misc_28,
          hangedman_vaults_river_flow, ontoclasm_vaults_misaligned,
          nicolae_vaults_asterisk, layout_vaults_maze_bifur, uniq_jory
Vaults:5
Crypt:1:  layout_gridlike, minivault_25, grunt_crypt_arrival_split
Crypt:2:  layout_chaotic_city, nicolae_crypt_fedhas_prevails, hex_large,
          evilmike_ambush [evilmike_ambush_outer_pillars,
          evilmike_ambush_inner_cross]
Crypt:3:  grunt_crypt_end_deaths_head, uniq_sojobo
Depths:1: layout_basic, pan_entry, hell_entry, grunt_decor_mini_mirrors,
          lemuel_flamethrower_2, firewood_loft
Depths:2: cheibrodos_poisonous_passages, layout_long_grid, enter_ziggurat_d,
          serial_co_window_serial, co_window_paths_a, co_window_corner_a,
          co_window_corner_a, co_window_corner_a, co_window_of_opportunity_a,
          co_window_paths_a, co_window_paths_a, co_window_of_opportunity_a,
          co_window_corner_a, glass_columns_b, glass_columns_a, glass_columns_c,
          glass_columns_c, glass_columns_b, abyss_entry_flame_altar, hell_entry,
          dk_noncrumbling_4, grunt_ministairs_10
Depths:3: minmay_the_grid_square_5x5_4x4 [minmay_the_grid_square_5x5_gyroscope,
          minmay_the_grid_square_5x5_moneybag, minmay_the_grid_square_5x5_c,
          minmay_the_grid_square_5x5_shuriken,
          minmay_the_grid_square_5x5_broken_cross,
          minmay_the_grid_square_5x5_prize_open,
          minmay_the_grid_square_5x5_prize_rear_guard,
          minmay_the_grid_square_5x5_plus, minmay_the_grid_square_5x5_inner_i,
          minmay_the_grid_square_5x5_prize_open,
          minmay_the_grid_square_5x5_prize_gold,
          minmay_the_grid_square_5x5_three_walls,
          minmay_the_grid_square_5x5_intrusive_squares,
          minmay_the_grid_square_5x5_dogpile,
          minmay_the_grid_square_5x5_tetrominoes,
          minmay_the_grid_square_5x5_three], layout_basic,
          rand_demon_pan_entry_9, serial_shops, shop, serial_hangedman_research,
          hangedman_research_toxicology, hangedman_research_thermodynamics,
          hangedman_research_quantum, hangedman_research_electronics,
          hell_entry, abyss_entry, guppyfry_shop_earth
Depths:4: gammafunk_depths_water_palace, layout_cave_pools,
          hangedman_coc_ice_floe, hex_tiny,
          nicolae_abyss_entry_one_way_or_another, uniq_xtahua

Skill      XL: |  1  2  3  4  5  6  7  8  9 10 11 12 13 14 15 16 17 18 19 20 21 22 23 24 25 26 27 |
---------------+----------------------------------------------------------------------------------+-----
Earth Magic    | 4 5 6 7 8 9 10 11 12 13 14 15 16 17 18 19 20 21 | 21.1
Spellcasting   | 3 4 5 6 7 8 9 10 11 12 13 14 15 16 | 16.9
Conjurations   | 1 2 3 4 5 6 8 9 10 11 12 13 14 15 16 17 18 19 | 19.2
Fighting       | 1 2 3 5 6 8 9 10 11 12 13 14 15 16 17 18 19 20 | 20.4
Maces & Flails | 1 2 3 5 6 7 8 9 10 11 12 13 14 | 14.0
Armour         | 1 2 4 5 6 |  6.0
Dodging        | 2 3 4 5 6 7 8 9 10 11 12 13 14 15 | 15.0
Evocations     | 2 3 4 5 6 |  6.0
Fire Magic     | 4 7 9 11 12 13 14 15 16 17 18 19 20 21 | 21.3
Shields        | 3 4 |  4.0
Stealth        | |  2.1
Transmutations | |  0.7

Action                   |  1- 3 |  4- 6 |  7- 9 | 10-12 | 13-15 | 16-18 | 19-21 | 22-24 | 25-27 || total
-------------------------+-------+-------+-------+-------+-------+-------+-------+-------+-------++-------
Melee: Unarmed           |    17 |       |       |       |       |       |       |       |       ||    17
       Club              |    81 |    48 |       |       |       |       |       |       |       ||   129
       Dagger            |       |    85 |   372 |   465 |    53 |       |       |       |       ||   975
       Morningstar       |       |       |       |       |   497 |   840 |   659 |   508 |   558 ||  3062
 Cast: Sandblast         |    21 |    26 |    56 |   126 |    96 |    70 |    31 |       |       ||   426
       Lee's Rapid Decon |       |       |     8 |    61 |   120 |   178 |   283 |    72 |    32 ||   754
       Stone Arrow       |       |       |     9 |    27 |    60 |       |       |       |       ||    96
       Irradiate         |       |       |       |     1 |     8 |    43 |    18 |       |     1 ||    71
       Mephitic Cloud    |       |       |       |       |     3 |       |     5 |       |       ||     8
       Bolt of Magma     |       |       |       |       |    29 |    41 |    12 |     3 |       ||    85
       Orb of Destructio |       |       |       |       |       |     1 |       |       |       ||     1
       Iron Shot         |       |       |       |       |       |    80 |    91 |    54 |    84 ||   309
       Starburst         |       |       |       |       |       |     3 |     2 |       |       ||     5
       Ignition          |       |       |       |       |       |       |       |    53 |    44 ||    97
       Shatter           |       |       |       |       |       |       |       |    35 |    68 ||   103
       Fire Storm        |       |       |       |       |       |       |       |       |    13 ||    13
 Abil: Fly               |       |       |       |       |     1 |       |     2 |       |     2 ||     5
       Evoke Flight      |       |       |       |       |     1 |       |       |       |       ||     1
       Stop Flying       |       |       |       |       |       |       |     2 |       |     2 ||     4
Evoke: Wand              |       |       |       |    14 |    16 |    15 |    11 |       |       ||    56
       Phial of floods   |       |       |       |       |     1 |     1 |       |     1 |       ||     3
       Sack of spiders   |       |       |       |       |       |       |       |     1 |       ||     1
  Use: Scroll            |     4 |     7 |     9 |     5 |    26 |    16 |    13 |    12 |     9 ||   101
       Potion            |     1 |     1 |       |     1 |    14 |     8 |     9 |     8 |     3 ||    45
 Stab: Sleeping          |       |     1 |     3 |     2 |     4 |       |     4 |     2 |     1 ||    17
       Confused          |       |       |       |       |     1 |       |     7 |       |       ||     8
       Distracted        |       |       |       |       |     1 |       |     1 |       |     1 ||     3
       Invisible         |       |       |       |       |     4 |       |       |       |       ||     4
  Eat: Chunk             |     1 |     7 |    11 |    32 |    32 |    41 |    69 |    41 |    59 ||   293
       Ration            |       |       |     1 |     1 |     8 |    12 |     2 |     5 |     6 ||    35
Armor: Robe              |    53 |    65 |   161 |   350 |   369 |   618 |   381 |   246 |   376 ||  2619
Dodge: Dodged            |    96 |   107 |   225 |   455 |   689 |  1216 |   470 |   411 |   518 ||  4187
Block: Buckler           |       |       |       |       |       |    78 |   219 |   177 |   211 ||   685

Table legend:
 A = Non-vault XP
 B = Vault XP
 C = Vault XP percentage of total XP
 D = Non-vault monster count
 E = Vault monster count
 F = Vault count percentage of total count
                 A         B        C        D         E       F
            +---------+---------+-------+---------+---------+-------
      Total |  678167 |  707860 |  51.1 |    1458 |    1086 |  42.7
            +---------+---------+-------+---------+---------+-------
        D:1 |      28 |       3 |   9.7 |      14 |       2 |  12.5
        D:2 |     155 |       0 |   0.0 |      32 |       0 |   0.0
        D:3 |     186 |       1 |   0.5 |      18 |       1 |   5.3
        D:4 |     144 |     212 |  59.6 |       9 |       1 |  10.0
        D:5 |     714 |       0 |   0.0 |      16 |       0 |   0.0
        D:6 |     494 |       0 |   0.0 |      18 |       0 |   0.0
        D:7 |     683 |       0 |   0.0 |       9 |       0 |   0.0
        D:8 |    1934 |       0 |   0.0 |      22 |       0 |   0.0
        D:9 |    1894 |     410 |  17.8 |      18 |       3 |  14.3
       D:10 |    3555 |    1182 |  25.0 |      30 |      15 |  33.3
       D:11 |    8212 |    4224 |  34.0 |      45 |       8 |  15.1
       D:12 |    3277 |       0 |   0.0 |      24 |       0 |   0.0
       D:13 |    6369 |       0 |   0.0 |      21 |       0 |   0.0
       D:14 |    9062 |    7548 |  45.4 |      28 |       7 |  20.0
       D:15 |    1825 |   49983 |  96.5 |       2 |      95 |  97.9
     Lair:1 |    4247 |     683 |  13.9 |      22 |       4 |  15.4
     Lair:2 |     985 |     279 |  22.1 |       8 |       1 |  11.1
     Lair:3 |    4979 |    5194 |  51.1 |      21 |      28 |  57.1
     Lair:4 |    5740 |     883 |  13.3 |      14 |       2 |  12.5
     Lair:5 |    8873 |    1045 |  10.5 |      28 |       5 |  15.2
     Lair:6 |   18842 |   18003 |  48.9 |      58 |      54 |  48.2
    Swamp:1 |   13044 |       0 |   0.0 |      44 |       0 |   0.0
    Swamp:2 |   17959 |    1963 |   9.9 |      39 |       1 |   2.5
    Swamp:3 |    7422 |    5506 |  42.6 |      24 |       1 |   4.0
    Swamp:4 |   15952 |   10122 |  38.8 |      37 |      37 |  50.0
    Snake:1 |   11291 |    2791 |  19.8 |      22 |       2 |   8.3
    Snake:2 |   23391 |   18180 |  43.7 |      49 |      15 |  23.4
    Snake:3 |   19276 |    9425 |  32.8 |      38 |      19 |  33.3
    Snake:4 |   22808 |   40311 |  63.9 |      36 |      63 |  63.6
      Orc:1 |    1509 |     799 |  34.6 |      21 |      15 |  41.7
      Orc:2 |    2765 |    5049 |  64.6 |      27 |      49 |  64.5
      Elf:1 |   13237 |    3626 |  21.5 |      24 |       5 |  17.2
      Elf:2 |   19775 |    9086 |  31.5 |      32 |      15 |  31.9
      Elf:3 |   31901 |   54790 |  63.2 |      55 |      35 |  38.9
   Vaults:1 |   26909 |   16050 |  37.4 |      41 |      29 |  41.4
   Vaults:2 |   38861 |   18136 |  31.8 |      62 |      42 |  40.4
   Vaults:3 |   36550 |   24529 |  40.2 |      72 |      42 |  36.8
   Vaults:4 |   36891 |   35903 |  49.3 |      67 |      39 |  36.8
   Vaults:5 |   45415 |  103420 |  69.5 |      64 |      81 |  55.9
    Crypt:1 |   24415 |       0 |   0.0 |      37 |       0 |   0.0
    Crypt:2 |   15813 |   24073 |  60.4 |      27 |      21 |  43.8
    Crypt:3 |       0 |   84642 | 100.0 |       0 |     118 | 100.0
   Depths:1 |   63221 |       0 |   0.0 |      75 |       0 |   0.0
   Depths:2 |   40911 |   37056 |  47.5 |      45 |      26 |  36.6
   Depths:3 |   43225 |   74930 |  63.4 |      46 |      80 |  63.5
   Depths:4 |   23428 |   11499 |  32.9 |      17 |       5 |  22.7
    Ossuary |       0 |     229 | 100.0 |       0 |      39 | 100.0
     Bailey |       0 |    1565 | 100.0 |       0 |      32 | 100.0
     WizLab |       0 |   19013 | 100.0 |       0 |      37 | 100.0
   Gauntlet |       0 |    5517 | 100.0 |       0 |      12 | 100.0
            +---------+---------+-------+---------+---------+-------
